[Event "ICC tourney 1979 (3 2)"]
[Site "Internet Chess Club"]
[Date "2020.08.28"]
[Round "9"]
[White "stephenwilly"]
[Black "Kinawa"]
[Result "0-1"]
[ICCResult "White checkmated"]
[WhiteElo "1458"]
[BlackElo "1510"]
[Opening "Caro-Kann: anti-anti-Caro-Kann defense"]
[ECO "B10"]
[NIC "CK.01"]
[Time "22:01:19"]
[TimeControl "180+2"]

1. e4 c6 2. c4 d5 3. cxd5 cxd5 4. exd5 Nf6 5. Nc3 Nxd5 6. Bc4 Nf6 7. d4 Bf5
8. Nf3 e6 9. O-O Bd6 10. d5 e5 11. Re1 O-O 12. Nxe5 Qc7 13. Nb5 Qd8 14. Nxd6
Qxd6 15. Bf4 Qc5 16. Rc1 Qb6 17. d6 Nbd7 18. Nxd7 Nxd7 19. Qd5 Be6 20. Rxe6
fxe6 21. Qxe6+ Kh8 22. Be3 Qd8 23. Bb5 Nf6 24. Rc8 Rxc8 25. d7 Rc7 26. Bxa7
Rc1+ 27. Bf1 Qxd7 28. Qe3 Qd1 29. h3 Qxf1+ 30. Kh2 Qc4 31. Bd4 Qc7+ 32. Be5
Qc6 33. Bc3 Rd1 34. Qe2 Rd7 35. Qe3 Re8 36. Qg5 Qd6+ 37. g3 Rde7 38. h4 Ne4
39. Qf5 Nxc3 40. bxc3 Re2 41. Qf3 Qd2 42. Kg2 Rxf2+ 43. Qxf2 Re2 44. Kf3
Rxf2+ 45. Ke4 Rg2 46. Kf3 Rxg3+ 47. Kxg3 Qxc3+ 48. Kg4 Qb2 49. Kf5 Qxa2 50.
Kg5 b5 51. Kh5 b4 52. Kg5 b3 53. Kh5 b2 54. Kg5 b1=R 55. Kh5 Qa5+ 56. Kg4
Rb4+ 57. Kh3 Qa3+ 58. Kh2 Rb2+ 59. Kh1 Qa1# {White checkmated} 0-1

[Event "ICC tourney 1979 (3 2)"]
[Site "Internet Chess Club"]
[Date "2020.08.28"]
[Round "9"]
[White "shrey16ultimate"]
[Black "JGroder"]
[Result "0-1"]
[ICCResult "White resigns"]
[WhiteElo "1443"]
[BlackElo "1504"]
[Opening "Queen's pawn: London system"]
[ECO "A45"]
[NIC "QP.07"]
[Time "22:01:27"]
[TimeControl "180+2"]

1. d4 Nf6 2. Bf4 d6 3. e3 g6 4. Nf3 Nh5 5. Bg3 Nxg3 6. hxg3 Bg7 7. Bc4 O-O
8. c3 Nd7 9. Nbd2 c5 10. dxc5 Nxc5 11. Nb3 Nxb3 12. Qxb3 Qb6 13. Ng5 Qxb3
14. Bxb3 h5 15. O-O-O b5 16. f3 a5 17. Ne4 b4 18. c4 a4 19. Bc2 Be6 20. b3
axb3 21. Bxb3 Ra3 22. Rd2 Rfa8 23. Kc2 Rxa2+ 24. Bxa2 Rxa2+ 25. Kb3 Ra3+ 26.
Kxb4 Rxe3 27. Ra2 Be5 28. Rh3 Bxh3 29. gxh3 Rxf3 30. Ra8+ Kg7 31. Re8 e6 32.
Rd8 Rxg3 33. Nxd6 Rxh3 34. c5 Rh1 35. c6 Rc1 36. Kb5 h4 37. Ne8+ Kh6 38. Kb6
h3 39. c7 Bxc7+ 40. Nxc7 h2 41. Rh8+ Kg7 42. Rxh2 g5 43. Rg2 Kg6 44. Nb5 f5
45. Nd4 Kf6 46. Nf3 g4 47. Nd4 e5 48. Ne2 Rc2 49. Rf2 f4 50. Kb5 f3 51. Ng3
Rxf2 52. Ne4+ Kf5 53. Nxf2 g3 54. Nh3 f2 55. Nxf2 gxf2 56. Kc5 f1=Q 57. Kd5
Qd3+ 58. Kc5 e4 59. Kc6 e3 60. Kc5 e2 61. Kc6 e1=Q 62. Kc5 Qc1+ 63. Kb6 Qb3+
{White resigns}
0-1

[Event "ICC tourney 1979 (3 2)"]
[Site "Internet Chess Club"]
[Date "2020.08.28"]
[Round "9"]
[White "Aadarsh99"]
[Black "ChessMonkey123"]
[Result "1-0"]
[ICCResult "Black checkmated"]
[WhiteElo "1339"]
[BlackElo "1345"]
[Opening "Queen's pawn game"]
[ECO "A46"]
[NIC "QP.06"]
[Time "22:01:21"]
[TimeControl "180+2"]

1. d4 Nf6 2. Nf3 e6 3. g3 d5 4. Bg2 c5 5. O-O Nc6 6. e3 cxd4 7. exd4 Bd6 8.
Re1 O-O 9. b3 h6 10. Bb2 Qc7 11. Nbd2 Nb4 12. Rc1 Nxa2 13. Ra1 Nb4 14. Rc1
Na2 15. Ra1 Nc3 16. Bxc3 Qxc3 17. Re3 Qc7 18. c4 Bb4 19. c5 Bd7 20. Rc1 Bb5
21. Qc2 Ba3 22. Ra1 Bb4 23. Rc1 Rac8 24. Nb1 b6 25. Nc3 Bxc3 26. Qxc3 bxc5
27. dxc5 Ne4 28. Qb4 a6 29. c6 Qb6 30. Nd4 Rc7 31. Bxe4 dxe4 32. Rxe4 Rd8
33. Nxb5 axb5 34. Rec4 Rd2 35. Qxd2 bxc4 36. Rxc4 Rxc6 37. Qc3 Rxc4 38. bxc4
Qb1+ 39. Kg2 Qe4+ 40. Kg1 Qc6 41. c5 Kf8 42. h4 f6 43. Qc4 Ke7 44. Kf1 Qh1+
45. Ke2 Qc6 46. Ke3 e5 47. Qc2 Ke6 48. Qc4+ Qd5 49. Qa6+ Kf5 50. Qc8+ Qe6
51. g4+ Kxg4 52. Qxe6+ Kxh4 53. c6 g5 54. Qxf6 h5 55. Qxe5 g4 56. c7 Kh3 57.
c8=Q h4 58. Qc1 Kg2 59. Qe4+ Kh2 60. Qch1# {Black checkmated} 1-0

[Event "ICC tourney 1979 (3 2)"]
[Site "Internet Chess Club"]
[Date "2020.08.28"]
[Round "9"]
[White "cjcardoso"]
[Black "Baggs"]
[Result "1-0"]
[ICCResult "Black forfeits on time"]
[WhiteElo "1428"]
[BlackElo "1230"]
[Opening "French: Tarrasch"]
[ECO "C03"]
[NIC "FR.14"]
[Time "22:01:43"]
[TimeControl "180+2"]

1. e4 e6 2. d4 d5 3. Nd2 Ne7 4. e5 Ng6 5. Bd3 c5 6. c3 cxd4 7. cxd4 Nc6 8.
Bxg6 hxg6 9. Nb3 Bd7 10. Nf3 Bb4+ 11. Bd2 Bxd2+ 12. Qxd2 Qb6 13. O-O O-O-O
14. Nc5 Kb8 15. Rfb1 Na5 16. b3 Bb5 17. Ng5 Rdf8 18. Na4 Qd8 19. Qb4 Bd3 20.
Rc1 Nc6 21. Qc3 Qxg5 22. Qxd3 Qh4 23. Nc5 Qxh2+ 24. Kf1 Qh1+ 25. Ke2 Qh5+
26. f3 Rd8 27. Ke3 Qg5+ 28. Kf2 Rh2 29. Rg1 Rdh8 30. Qf1 Qd2+ 31. Qe2 Qxd4+
32. Qe3 Qb2+ 33. Qe2 Qd4+ 34. Qe3 Qxe3+ 35. Kxe3 Nxe5 36. f4 Ng4+ 37. Kf3
Nf6 38. Rac1 {Black forfeits on time} 1-0

[Event "ICC tourney 1979 (3 2)"]
[Site "Internet Chess Club"]
[Date "2020.08.28"]
[Round "9"]
[White "MIEMBR"]
[Black "drberkley"]
[Result "1-0"]
[ICCResult "Black checkmated"]
[WhiteElo "1529"]
[BlackElo "1562"]
[Opening "King's Indian: fianchetto without c4"]
[ECO "A49"]
[NIC "QP.06"]
[Time "22:02:10"]
[TimeControl "180+2"]

1. d4 Nf6 2. Nf3 g6 3. g3 Bg7 4. Bg2 d6 5. O-O O-O 6. b3 Nbd7 7. Bb2 c5 8.
c4 Qb6 9. Qc1 Ne4 10. e3 Ndf6 11. Nbd2 Bf5 12. Nh4 e6 13. Nxf5 gxf5 14. Nf3
Rad8 15. Rd1 Qc7 16. Qc2 b6 17. Rac1 Qe7 18. dxc5 bxc5 19. Rd3 Ng4 20. Rf1
Ngf6 21. h3 e5 22. Rfd1 Ne8 23. Nh4 Qg5 24. Nf3 Qf6 25. Nxe5 Qg5 26. Nf3 Qh5
27. Bxg7 Kxg7 28. Qb2+ Kg8 29. Nd2 N8f6 30. Nxe4 Nxe4 31. Bxe4 fxe4 32. Rxd6
Rxd6 33. Rxd6 Qxh3 34. Qe5 Qg4 35. Qf4 Qg7 36. Rd5 Qa1+ 37. Kg2 Kh8 38. Qe5+
Qxe5 39. Rxe5 f5 40. Rxc5 Kg7 41. Rc7+ Rf7 42. Rxf7+ Kxf7 43. g4 Ke6 44. Kg3
fxg4 45. Kxg4 Ke5 46. Kg5 a5 47. Kh6 Kf5 48. Kxh7 Kg4 49. Kg6 Kf3 50. Kf5
Kxf2 51. Kxe4 Ke2 52. Kd4 Kd2 53. c5 Kc2 54. c6 Kb2 55. c7 Kxa2 56. c8=Q
Kxb3 57. Qc4+ Ka3 58. Kc3 a4 59. Qb4+ Ka2 60. Qb2# {Black checkmated} 1-0

[Event "ICC tourney 1979 (3 2)"]
[Site "Internet Chess Club"]
[Date "2020.08.28"]
[Round "9"]
[White "PearsonH"]
[Black "Viking21"]
[Result "0-1"]
[ICCResult "White checkmated"]
[WhiteElo "1438"]
[BlackElo "1551"]
[Opening "Queen's pawn, Mason variation"]
[ECO "D00"]
[NIC "QP.08"]
[Time "22:01:20"]
[TimeControl "180+2"]

1. d4 d5 2. Bf4 Nf6 3. e3 e6 4. c3 c5 5. Nd2 Bd6 6. Bg3 Nc6 7. Ngf3 O-O 8.
Bd3 b6 9. Qe2 Bb7 10. Rd1 Qc7 11. e4 dxe4 12. Nxe4 Nxe4 13. Bxe4 cxd4 14.
Nxd4 Nxd4 15. Rxd4 Bxg3 16. Bxh7+ Kxh7 17. hxg3+ Kg8 18. Rdh4 g6 19. Qe3
Rfd8 20. Rh8+ Kg7 21. Qh6+ Kf6 22. Qh4+ Kf5 23. g4+ Ke4 24. g5+ Kd5 25. Qd4+
Kc6 26. Qc4+ Kd7 27. Qd4+ Qd6 28. Qf6 Rxh8 29. Rxh8 Rxh8 30. Qxh8 Bxg2 31.
Qg7 Qe7 32. Qd4+ Ke8 33. Qa4+ Kf8 34. Qg4 Bc6 35. Qc4 Bd5 36. Qd4 Qxg5 37.
Qh8+ Ke7 38. Qb8 Qf5 39. Qxa7+ Kf6 40. Qxb6 Qe4+ 41. Qe3 Qxe3+ 42. fxe3 Bxa2
43. Kd2 Ke5 44. Kd3 Kd5 45. e4+ Kc5 46. Kc2 Bc4 47. b3 Be2 48. b4+ Kc4 49.
Kd2 Bf3 50. Ke3 Bh1 51. Kd2 Bxe4 52. Ke3 Bc6 53. Kf4 f6 54. Ke3 Kxc3 55. b5
Bxb5 56. Kf3 e5 57. Ke4 Bd3+ 58. Ke3 f5 59. Kf3 g5 60. Ke3 f4+ 61. Kf3 e4+
62. Kf2 g4 63. Kg2 f3+ 64. Kf2 Kd2 65. Kg1 e3 66. Kh1 f2 67. Kh2 g3+ 68.
Kxg3 f1=Q 69. Kg4 e2 70. Kg3 e1=Q+ 71. Kg4 Qe4+ 72. Kg3 Qg6+ 73. Kh2 Qfg2#
{White checkmated}
0-1

[Event "ICC tourney 1979 (3 2)"]
[Site "Internet Chess Club"]
[Date "2020.08.28"]
[Round "9"]
[White "Checkmatestone"]
[Black "BillietheKid"]
[Result "1/2-1/2"]
[ICCResult "White stalemated"]
[WhiteElo "1462"]
[BlackElo "1472"]
[Opening "French: Tarrasch, closed variation"]
[ECO "C05"]
[NIC "FR.16"]
[Time "22:01:25"]
[TimeControl "180+2"]

1. e4 e6 2. d4 d5 3. Nd2 Nf6 4. e5 Nfd7 5. Ne2 Be7 6. Nf3 c5 7. c3 Nc6 8.
Be3 Qb6 9. Qd2 O-O 10. g3 f6 11. exf6 Nxf6 12. dxc5 Bxc5 13. Bxc5 Qxc5 14.
b4 Qb6 15. a4 Ne4 16. Qe3 Qc7 17. Bg2 Ne5 18. O-O Nc4 19. Qd4 Qf7 20. Ne5
Nxe5 21. Qxe5 Nd2 22. Nd4 Nxf1 23. Rxf1 Bd7 24. a5 Rae8 25. f4 Qf6 26. Qd6
Rf7 27. Re1 h6 28. Bf3 Rfe7 29. Kg2 Rc8 30. Bxd5 Rxc3 31. Bf3 Rd3 32. Rd1
Rxd1 33. Bxd1 e5 34. Qxf6 gxf6 35. Bb3+ Kg7 36. fxe5 fxe5 37. Ne2 e4 38. Kf2
e3+ 39. Ke1 Bc6 40. Nd4 Be4 41. Bd5 Bxd5 42. Nf5+ Kf7 43. Nxe7 Kxe7 44. Ke2
Kd6 45. Kxe3 Bc4 46. Kd4 Bb5 47. h3 h5 48. g4 hxg4 49. hxg4 Ke6 50. Kc5 Bc6
51. b5 Bf3 52. g5 Kf5 53. a6 bxa6 54. bxa6 Kxg5 55. Kd6 Be2 56. Kc5 Bxa6 57.
Kb4 Be2 58. Ka3 a6 59. Ka2 Bb5 60. Ka1 Kf4 61. Kb1 Ke3 62. Ka1 Kd3 63. Kb2
Kc4 64. Ka2 Kb4 65. Kb2 a5 66. Ka2 a4 67. Kb2 a3+ 68. Ka2 Bc4+ 69. Ka1 Kb3
70. Kb1 Bd5 71. Ka1 Kc3 72. Kb1 a2+ 73. Ka1 Kd2 74. Kb2 Kd1 75. Ka1 Be6 76.
Kb2 Bf7 77. Ka1 Kd2 78. Kb2 Be6 79. Ka1 Kc3 {White stalemated} 1/2-1/2

[Event "ICC tourney 1979 (3 2)"]
[Site "Internet Chess Club"]
[Date "2020.08.28"]
[Round "10"]
[White "hursha6b5"]
[Black "PearsonH"]
[Result "1-0"]
[ICCResult "Black checkmated"]
[WhiteElo "1617"]
[BlackElo "1429"]
[Opening "French: Tarrasch, open variation"]
[ECO "C07"]
[NIC "FR.19"]
[Time "22:17:06"]
[TimeControl "180+2"]

1. e4 e6 2. d4 d5 3. Nd2 c5 4. exd5 Qxd5 5. Ngf3 cxd4 6. Bc4 Qd6 7. O-O Nc6
8. Nb3 Nf6 9. Nbxd4 Nxd4 10. Nxd4 a6 11. Re1 Qc7 12. Bb3 Bd6 13. Nf5 Bxh2+
14. Kh1 O-O 15. Nxg7 Kxg7 16. Qd4 Kg6 17. Qh4 Be5 18. Qg5# {Black
checkmated} 1-0

[Event "ICC tourney 1979 (3 2)"]
[Site "Internet Chess Club"]
[Date "2020.08.28"]
[Round "10"]
[White "NonnaThat"]
[Black "challenger2010"]
[Result "1-0"]
[ICCResult "Black checkmated"]
[WhiteElo "1914"]
[BlackElo "2005"]
[Opening "Sicilian: dragon, Yugoslav attack, 10.O-O-O"]
[ECO "B78"]
[NIC "SI.18"]
[Time "22:16:56"]
[TimeControl "180+2"]

1. e4 c5 2. Nf3 d6 3. d4 cxd4 4. Nxd4 Nf6 5. Nc3 g6 6. Be3 Bg7 7. f3 O-O 8.
Bc4 Nc6 9. Qd2 Bd7 10. O-O-O Rc8 11. Bb3 Ne5 12. Kb1 Nc4 13. Bxc4 Rxc4 14.
g4 Qa5 15. h4 Rfc8 16. h5 Bxg4 17. fxg4 Rxc3 18. hxg6 hxg6 19. Bh6 Nxe4 20.
Qe1 Qe5 21. Bxg7 Kxg7 22. Qh4 Ng5 23. bxc3 Rxc3 24. Qh8# {Black checkmated}
1-0

[Event "ICC tourney 1979 (3 2)"]
[Site "Internet Chess Club"]
[Date "2020.08.28"]
[Round "10"]
[White "JGroder"]
[Black "rcsong"]
[Result "1-0"]
[ICCResult "Black resigns"]
[WhiteElo "1518"]
[BlackElo "1439"]
[Opening "French defense, Steiner variation"]
[ECO "C00"]
[NIC "FR.01"]
[Time "22:17:04"]
[TimeControl "180+2"]

1. e4 e6 2. c4 c6 3. d4 d5 4. cxd5 exd5 5. exd5 cxd5 6. Nf3 Bg4 7. Be2 Nf6
8. O-O Bd6 9. Re1 O-O 10. h3 Bf5 11. Nc3 Nc6 12. a3 a6 13. Bg5 h6 14. Bxf6
gxf6 15. Nxd5 Bh2+ 16. Nxh2 Qxd5 17. Bf3 Qxd4 18. Qc1 Kh7 19. Bxc6 bxc6 20.
Nf3 Qd5 21. Rd1 Qe4 22. Rd4 Qe6 23. Rh4 {Black resigns} 1-0

[Event "ICC tourney 1979 (3 2)"]
[Site "Internet Chess Club"]
[Date "2020.08.28"]
[Round "10"]
[White "ab4gm"]
[Black "stephenwilly"]
[Result "0-1"]
[ICCResult "White checkmated"]
[WhiteElo "1345"]
[BlackElo "1469"]
[Opening "Sicilian defense"]
[ECO "B40"]
[NIC "FR.01"]
[Time "22:16:57"]
[TimeControl "180+2"]

1. e4 e6 2. Nf3 c5 3. Bc4 Nc6 4. Nc3 Nf6 5. d3 d5 6. exd5 exd5 7. Bb5 Bd7 8.
Bg5 Be7 9. Bxf6 Bxf6 10. Nxd5 Bxb2 11. Rb1 Bf6 12. Qe2+ Be6 13. Nxf6+ Qxf6
14. Ne5 O-O 15. Nxc6 bxc6 16. Bxc6 Rac8 17. Be4 c4 18. O-O cxd3 19. Qxd3
Rfd8 20. Qf3 Qxf3 21. Bxf3 Bxa2 22. Ra1 Rxc2 23. Be4 Rb2 24. Rfd1 Rxd1+ 25.
Rxd1 g6 26. Rd8+ Kg7 27. g3 Bb3 28. Ra8 Ra2 29. Kg2 Bc4 30. Rc8 Ba6 31. Ra8
Ra1 32. h4 Bf1+ 33. Kh2 a5 34. Bc2 Be2 35. Kg2 Bc4 36. Rc8 Bd5+ 37. Kh2 Rh1#
{White checkmated}
0-1

[Event "ICC tourney 1979 (3 2)"]
[Site "Internet Chess Club"]
[Date "2020.08.28"]
[Round "10"]
[White "nbankulla"]
[Black "Jeffchess"]
[Result "0-1"]
[ICCResult "White checkmated"]
[WhiteElo "1140"]
[BlackElo "1303"]
[Opening "Corn stalk defense"]
[ECO "B00"]
[NIC "VO.17"]
[Time "22:16:55"]
[TimeControl "180+2"]

1. e4 a5 2. d4 a4 3. Nf3 d6 4. Bc4 Bg4 5. h3 Bxf3 6. Qxf3 e6 7. Nc3 c6 8.
O-O b5 9. Bd3 Nd7 10. Be3 Ngf6 11. Rfe1 d5 12. exd5 Nxd5 13. Nxd5 cxd5 14.
Bxb5 Rb8 15. Bxa4 Rxb2 16. Bc1 Rb4 17. Bb3 Qa5 18. Bd2 Nf6 19. Bxb4 Bxb4 20.
Re5 Bc3 21. Rae1 Bxd4 22. Qe2 Ne4 23. Rf1 Bxe5 24. f3 Bd4+ 25. Kh1 Ng3+ 26.
Kh2 Qc7 27. Qd3 Nxf1+ 28. Kh1 Qh2# {White checkmated} 0-1

[Event "ICC tourney 1979 (3 2)"]
[Site "Internet Chess Club"]
[Date "2020.08.28"]
[Round "10"]
[White "Checkmatestone"]
[Black "kurohaze"]
[Result "1-0"]
[ICCResult "Black resigns"]
[WhiteElo "1479"]
[BlackElo "1417"]
[Opening "French: Tarrasch"]
[ECO "C03"]
[NIC "FR.07"]
[Time "22:16:59"]
[TimeControl "180+2"]

1. e4 e6 2. d4 d5 3. Nd2 dxe4 4. Nxe4 Be7 5. Nf3 Nf6 6. Nc3 c5 7. Bb5+ Nc6
8. O-O O-O 9. dxc5 Qxd1 10. Rxd1 Bxc5 11. Bxc6 bxc6 12. Bg5 Nd5 13. Ne4 Be7
14. Bxe7 Nxe7 15. c4 Ba6 16. b3 Rfd8 17. Ne5 Bb7 18. Nd6 Ba6 19. Ndxf7 Rxd1+
20. Rxd1 c5 21. Rd8+ Rxd8 22. Nxd8 Nf5 23. Nxe6 Nd4 24. Nxd4 cxd4 25. Kf1
Kf8 26. Ke2 Ke7 27. Nc6+ Kd6 28. Nxd4 Bb7 29. f3 a5 30. a3 g5 31. Kd3 h5 32.
b4 axb4 33. axb4 g4 34. fxg4 hxg4 35. g3 Ke5 36. Ke3 Bg2 37. c5 Kd5 38. c6
Kd6 39. b5 Bf1 40. b6 Bg2 41. Kf4 Kd5 42. c7 {Black resigns} 1-0

[Event "ICC tourney 1979 (3 2)"]
[Site "Internet Chess Club"]
[Date "2020.08.28"]
[Round "10"]
[White "CastledQueen"]
[Black "Snuffleupegus"]
[Result "1-0"]
[ICCResult "Black resigns"]
[WhiteElo "1485"]
[BlackElo "1473"]
[Opening "King's pawn opening"]
[ECO "B07"]
[NIC "VO.17"]
[Time "22:16:59"]
[TimeControl "180+2"]

1. e4 d6 2. Nf3 g6 3. Bc4 Bg7 4. d4 Nf6 5. e5 dxe5 6. Nxe5 O-O 7. O-O b6 8.
Qf3 c6 9. c3 Bb7 10. Bf4 Nbd7 11. Nxc6 Qc8 12. Nxe7+ Kh8 13. Nxc8 Bxf3 14.
gxf3 Raxc8 15. Bd3 Nh5 16. Be3 f5 17. f4 Ndf6 18. f3 Nd5 19. Bd2 Ndxf4 20.
Ba6 Rce8 21. Na3 Ne2+ 22. Kf2 Nef4 23. Rae1 Bh6 24. Bxf4 Nxf4 25. Rxe8 Rxe8
26. Bb5 Re2+ 27. Bxe2 Nxe2 28. Kxe2 {Black resigns} 1-0

[Event "ICC tourney 1979 (3 2)"]
[Site "Internet Chess Club"]
[Date "2020.08.28"]
[Round "10"]
[White "BillietheKid"]
[Black "MIEMBR"]
[Result "0-1"]
[ICCResult "White checkmated"]
[WhiteElo "1459"]
[BlackElo "1542"]
[Opening "Sicilian: Taimanov variation"]
[ECO "B49"]
[NIC "SI.40"]
[Time "22:17:08"]
[TimeControl "180+2"]

1. e4 c5 2. Nf3 e6 3. d4 cxd4 4. Nxd4 Nc6 5. Nc3 Qc7 6. Be2 a6 7. Be3 Nf6 8.
O-O Bb4 9. f3 O-O 10. Qd3 Ne5 11. Qd2 Nc4 12. Bxc4 Qxc4 13. Nde2 b5 14. Kh1
Bb7 15. Bg5 Bxc3 16. Nxc3 d5 17. Bxf6 gxf6 18. Qf4 f5 19. Qg5+ Kh8 20. exf5
exf5 21. Qxf5 Qc8 22. Qf6+ Kg8 23. Rad1 Qe6 24. Qh4 Kh8 25. Rd4 Rg8 26. Rfd1
Rae8 27. h3 b4 28. Na4 Qe2 29. Nc5 Qxg2# {White checkmated} 0-1

[Event "ICC tourney 1979 (3 2)"]
[Site "Internet Chess Club"]
[Date "2020.08.28"]
[Round "10"]
[White "jthebest"]
[Black "ztraynor"]
[Result "0-1"]
[ICCResult "White checkmated"]
[WhiteElo "1165"]
[BlackElo "1106"]
[Opening "Van't Kruijs opening"]
[ECO "A00"]
[Time "22:16:53"]
[TimeControl "180+2"]

1. e3 f5 2. Bc4 e6 3. Nf3 Nf6 4. O-O d5 5. Bb3 Bd6 6. d4 O-O 7. c3 c5 8.
Nbd2 c4 9. Bc2 Nc6 10. Re1 Ne4 11. Nf1 b5 12. Ng3 Nxg3 13. fxg3 e5 14. a4 b4
15. Qe2 b3 16. Bb1 e4 17. Nd2 Qg5 18. Qd1 a5 19. Qe2 Rf6 20. Kh1 Rh6 21. Nf1
Bxg3 22. Nxg3 Qxg3 23. Qf2 Qxh2# {White checkmated} 0-1

[Event "ICC tourney 1979 (3 2)"]
[Site "Internet Chess Club"]
[Date "2020.08.28"]
[Round "10"]
[White "drberkley"]
[Black "kushagra12"]
[Result "0-1"]
[ICCResult "White resigns"]
[WhiteElo "1532"]
[BlackElo "1437"]
[Opening "Sicilian: closed"]
[ECO "B23"]
[NIC "SI.44"]
[Time "22:16:56"]
[TimeControl "180+2"]

1. e4 c5 2. Nc3 e6 3. f4 d5 4. Bb5+ Nc6 5. Nf3 d4 6. Ne2 a6 7. Bxc6+ bxc6 8.
d3 Be7 9. Ne5 Bb7 10. O-O Nf6 11. Ng3 O-O 12. f5 Bd6 13. Nf3 e5 14. Bg5 h6
15. Bd2 Nh7 16. Nh5 Be7 17. g4 Bg5 18. Nxg5 Nxg5 19. h4 Nh3+ 20. Kh2 Qxh4
21. Be1 Nf2+ 22. Kg2 Nxd1 23. Bxh4 Ne3+ 24. Kg1 Nxf1 25. Rxf1 g6 26. Ng3 g5
27. Nh5 gxh4 28. f6 Kh7 29. Rf5 Rg8 30. Ng7 Bc8 31. Rxe5 Bxg4 32. Rxc5 Be6
33. Rxc6 Rac8 34. Rxa6 Rxc2 35. Ra7 Rxb2 36. Kf1 Rxa2 37. Nxe6 Rxa7
{White resigns}
0-1

[Event "ICC tourney 1979 (3 2)"]
[Site "Internet Chess Club"]
[Date "2020.08.28"]
[Round "10"]
[White "Kinawa"]
[Black "sanjayselvam"]
[Result "1-0"]
[ICCResult "Black forfeits on time"]
[WhiteElo "1540"]
[BlackElo "1454"]
[Opening "Alekhine's defense"]
[ECO "B03"]
[NIC "AL.09"]
[Time "22:17:02"]
[TimeControl "180+2"]

1. e4 Nf6 2. e5 Nd5 3. d4 d6 4. exd6 cxd6 5. Nf3 g6 6. Bc4 Nb6 7. Bb3 Bg7 8.
O-O O-O 9. c3 Nc6 10. Bg5 h6 11. Bh4 Kh8 12. Re1 g5 13. Bxg5 Bg4 14. Bh4 Qd7
15. Nbd2 e5 16. dxe5 Nxe5 17. Nxe5 Bxe5 18. Nf3 {Black forfeits on time} 1-0

[Event "ICC tourney 1979 (3 2)"]
[Site "Internet Chess Club"]
[Date "2020.08.28"]
[Round "10"]
[White "Chesschamp27"]
[Black "OctopusYule"]
[Result "0-1"]
[ICCResult "White resigns"]
[WhiteElo "1492"]
[BlackElo "1599"]
[Opening "Colle system"]
[ECO "D05"]
[NIC "QP.06"]
[Time "22:16:57"]
[TimeControl "180+2"]

1. d4 Nf6 2. Nf3 d5 3. e3 e6 4. Bd3 c5 5. c3 Nc6 6. Nbd2 Bd6 7. Qe2 O-O 8.
e4 dxe4 9. Nxe4 cxd4 10. cxd4 Bb4+ 11. Bd2 Bxd2+ 12. Nfxd2 Qxd4 13. Nxf6+
Qxf6 14. Ne4 Qe5 15. O-O f5 16. Nc3 Qxe2 17. Bxe2 e5 18. Bc4+ Kh8 19. Rad1
Na5 20. Bb5 a6 21. Ba4 b5 22. Bc2 Be6 23. Rd6 Bxa2 24. Nxa2 Nc4 25. Rd5 e4
26. Rb1 Rfd8 27. Rxd8+ Rxd8 28. Nb4 Rd2 29. Rd1 Rxd1+ 30. Bxd1 Nxb2 31. Bc2
a5 32. Nc6 a4 33. Nb4 Nc4 34. Kf1 a3 35. Ke2 Kg8 36. Kd1 Kf7 37. Kc1 Ke6 38.
Kb1 Ke5 39. Ka2 Kd4 40. Bb3 Kc3 41. Bxc4 Kxb4 42. Bb3 f4 43. Bd5 e3 44. fxe3
fxe3 45. Bb3 e2 46. Bd1 exd1=Q 47. g3 Qc2+ {White resigns} 0-1

[Event "ICC tourney 1979 (3 2)"]
[Site "Internet Chess Club"]
[Date "2020.08.28"]
[Round "10"]
[White "wildrumpus"]
[Black "shrey16ultimate"]
[Result "0-1"]
[ICCResult "White resigns"]
[WhiteElo "1309"]
[BlackElo "1467"]
[Opening "Queen's pawn: stonewall attack"]
[ECO "A45"]
[NIC "QP.07"]
[Time "22:16:59"]
[TimeControl "180+2"]

1. d4 Nf6 2. e3 d5 3. Bd3 Bg4 4. Ne2 e6 5. f3 Bh5 6. Nf4 Bg6 7. Nxg6 hxg6 8.
Nd2 Bd6 9. f4 c5 10. c3 Nh5 11. g4 Qh4+ 12. Ke2 Ng3+ 13. Kf3 Nxh1 14. Qxh1
Qh3+ 15. Kf2 Qxh2+ 16. Qxh2 Rxh2+ 17. Kg3 Rh8 18. dxc5 Bxc5 19. Nb3 Bb6 20.
a4 a5 21. Bb5+ Nc6 22. Nd4 Bxd4 23. exd4 O-O-O 24. Be3 Ne7 25. b4 axb4 26.
cxb4 f5 27. Rc1+ Kb8 28. a5 fxg4 29. Kxg4 Nf5 30. Bf2 Rh2 31. Rc2 Nxd4 32.
Kg3 Nxc2 33. Kxh2 Nxb4 34. Bg3 Ka7 35. Bf2+ d4 36. Be1 Nc2 37. Bf2 Nb4 38.
Kg3 Nd5 39. Bxd4+ Kb8 40. Be5+ Ka8 41. Bxg7 Rc8 42. Kg4 Rc5 43. Be2 Rxa5 44.
Bf3 Ne7 45. Be5 Nc6 46. Kg5 Nxe5 47. fxe5 Rxe5+ 48. Kxg6 Re3 49. Bg4 b5 50.
Kf6 b4 51. Bxe6 Rxe6+ 52. Kxe6 b3 {White resigns} 0-1

[Event "ICC tourney 1979 (3 2)"]
[Site "Internet Chess Club"]
[Date "2020.08.28"]
[Round "10"]
[White "stgummadi"]
[Black "Snowzera"]
[Result "1-0"]
[ICCResult "Black checkmated"]
[WhiteElo "1052"]
[BlackElo "1180"]
[Opening "Sicilian"]
[ECO "B56"]
[NIC "SI.25"]
[Time "22:17:47"]
[TimeControl "180+2"]

1. e4 c5 2. Nf3 d6 3. d4 cxd4 4. Nxd4 Nf6 5. Nc3 Nc6 6. Be3 Nxd4 7. Bxd4 e5
8. Be3 Be6 9. Bd3 d5 10. exd5 Nxd5 11. Nxd5 Bxd5 12. O-O Be7 13. h3 O-O 14.
Qe2 Qb6 15. Bxb6 e4 16. Bxe4 Bxe4 17. Qxe4 axb6 18. Qxe7 Rfe8 19. Qxb7 Rad8
20. Qxb6 Rd2 21. c4 h6 22. c5 Rc8 23. c6 Rd6 24. Rac1 Kh7 25. Qb7 Rcd8 26.
c7 R8d7 27. c8=Q Rxb7 28. Qxb7 Rd2 29. Rfd1 Re2 30. Qb3 Re7 31. Re1 Rd7 32.
Rcd1 Rc7 33. Qd3+ g6 34. Qd6 Ra7 35. Re7 Kg7 36. Rxa7 h5 37. Qe5+ Kh6 38.
Rxf7 h4 39. Qf4+ g5 40. Qf6+ Kh5 41. Rh7# {Black checkmated} 1-0

[Event "ICC tourney 1979 (3 2)"]
[Site "Internet Chess Club"]
[Date "2020.08.28"]
[Round "10"]
[White "SuperBlueSky"]
[Black "cjcardoso"]
[Result "0-1"]
[ICCResult "White checkmated"]
[WhiteElo "1348"]
[BlackElo "1441"]
[Opening "QGD: Orthodox defense, Rubinstein attack (with Rc1)"]
[ECO "D64"]
[NIC "SL.03"]
[Time "22:17:14"]
[TimeControl "180+2"]

1. d4 d5 2. c4 c6 3. Nf3 Nf6 4. Nc3 e6 5. Bg5 Be7 6. e3 Nbd7 7. Rc1 O-O 8.
Qc2 h6 9. Bh4 dxc4 10. Bxc4 Bb4 11. O-O Qe8 12. a3 Bxc3 13. Qxc3 Ne4 14. Qc2
Nef6 15. Bg3 Nb6 16. Bd6 Nxc4 17. Qxc4 Nd5 18. Bxf8 Qxf8 19. Qc5 Qe8 20. b4
Bd7 21. Ne5 Bc8 22. b5 f6 23. Nd3 Bd7 24. bxc6 Bxc6 25. Nb4 Nxb4 26. axb4 a6
27. f3 Rc8 28. Qa5 Qd7 29. Rc3 Re8 30. Rfc1 e5 31. dxe5 Rxe5 32. Qb6 Rb5 33.
Qd4 Rd5 34. Qf4 Rd1+ 35. Rxd1 Qxd1+ 36. Kf2 Qd2+ 37. Kg3 Qxc3 38. Qb8+ Kh7
39. Qf8 Qe5+ 40. Kf2 Qxh2 41. Qd8 Qh4+ 42. Kf1 Qxb4 43. Qd3+ Kg8 44. Qd8+
Qf8 45. Qd6 Qxd6 46. e4 Qd2 47. Kg1 a5 48. e5 a4 49. f4 a3 50. e6 a2 51. f5
Kf8 52. e7+ Kxe7 53. Kh2 Qxg2# {White checkmated} 0-1

[Event "ICC tourney 1979 (3 2)"]
[Site "Internet Chess Club"]
[Date "2020.08.28"]
[Round "10"]
[White "EsatERGIN"]
[Black "Viking21"]
[Result "1-0"]
[ICCResult "Black forfeits on time"]
[WhiteElo "1692"]
[BlackElo "1542"]
[Opening "Alekhine's defense: Scandinavian variation"]
[ECO "B02"]
[NIC "AL.10"]
[Time "22:17:00"]
[TimeControl "180+2"]

1. e4 Nf6 2. Nc3 d5 3. exd5 Nxd5 4. d4 Nxc3 5. bxc3 g6 6. Nf3 Bg7 7. Bc4 O-O
8. O-O c5 9. Ba3 cxd4 10. cxd4 Nc6 11. c3 Bg4 12. Rb1 Qa5 13. Bc5 Qxc3 14.
Bd5 Rfd8 15. Be4 Nxd4 16. Bxd4 Bxd4 17. Qa4 Rac8 18. Rxb7 f5 19. Rb3 Qc5 20.
Rb5 Qc1 21. Bd5+ Kh8 22. Qxd4+ {Black forfeits on time} 1-0